 Dungeon Crawl Stone Soup version 0.28.0-53-g5a82cb258f (webtiles) character file.

Game seed: 16855762109033313622

822 melloss the Covert (level 7, 0/37 HPs)
             Began as a Spriggan Enchanter on June 3, 2022.
             Slain by an orc wizard
             ... wielding a +0 dagger
              (2 damage)
             ... on level 4 of the Dungeon.
             The game lasted 00:12:58 (3297 turns).

melloss the Covert (Spriggan Enchanter)             Turns: 3297, Time: 00:12:58

Health: 0/37       AC:  3    Str:  4    XL:     7   Next: 63%
Magic:  12/12      EV: 20    Int: 19    God:
Gold:   140        SH:  0    Dex: 21    Spells: 9/11 levels left

rFire   . . .      SeeInvis +   a - +2 dagger (venom)
rCold   . . .      Faith    .   (no shield)
rNeg    . . .      Spirit   .   b - +0 robe
rPois   .          Reflect  .   (helmet restricted)
rElec   .          Harm     .   h - +0 cloak
rCorr   .          Rampage  .   (gloves unavailable)
Will    +....                   (boots unavailable)
Stlth   ++++......              e - amulet of regeneration
HPRegen 0.92/turn               p - +6 ring of dexterity
MPRegen 0.13/turn               q - ring of wizardry

@: very quick
A: very small, no large weapons, unfitting armour, see invisible, speed 3
a: no special abilities


You were on level 4 of the Dungeon.
You visited 1 branch of the dungeon, and saw 5 of its levels.

You collected 140 gold pieces.

Inventory:

Hand Weapons
 a - a +2 dagger of venom (weapon)
 d - a +1 dagger
 j - a +1 dagger of venom
 n - a +0 rapier
Missiles
 u - 34 stones (quivered)
Armour
 b - a +0 robe (worn)
 h - a +0 cloak (worn)
Jewellery
 e - an amulet of regeneration (around neck)
 p - a +6 ring of dexterity (left hand)
 q - a ring of wizardry (right hand)
Wands
 o - a wand of flame (5)
 v - a wand of iceblast (11)
 x - a wand of digging (4)
Scrolls
 f - 5 scrolls of identify {unknown}
 l - a scroll of enchant weapon {unknown}
 m - a scroll of teleportation {unknown}
 s - a scroll of brand weapon {unknown}
 t - 2 scrolls of amnesia {unknown}
Potions
 c - a potion of invisibility
 g - a potion of haste
 i - 2 potions of attraction
 k - a potion of lignification {unknown}
 r - a potion of mutation {unknown}
 w - 2 potions of flight {unknown}


   Skills:
 + Level 3.7 Fighting
 - Level 1.1 Short Blades
 - Level 5.0 Dodging
 - Level 8.0 Stealth
 - Level 2.6 Spellcasting
 - Level 3.6 Hexes
 + Level 3.7 Ice Magic


You had 9 spell levels left.
You knew the following spells:

 Your Spells              Type           Power      Damage    Failure   Level
a - Ensorcelled Hibernat  Hex/Ice        32%        N/A       2%          2

Your spell library contained the following spells:

 Spells                   Type           Power      Damage    Failure   Level
 Confusing Touch          Hex            16%        N/A       4%          3
 Tukima's Dance           Hex            16%        N/A       4%          3
 Dazzling Flash           Conj/Hex       18%        N/A       9%          3


Dungeon Overview and Level Annotations

Branches:
Dungeon (5/15)
 Temple: D:4-7

Altars:
Makhleb
Wu Jian


Innate Abilities, Weirdness & Mutations

You are very small and have problems with some larger weapons.
You are too small for most types of armour.
You have supernaturally acute eyesight. (SInv)
You cover ground extremely quickly. (Speed+++)


Message History

You closely miss the orc wizard. The orc wizard barely misses you.
The orc hits you with a +0 short sword. The orc wizard closely misses you.
You hit the orc wizard.
The orc wizard is poisoned.
The orc wizard is lightly wounded.
The orc wizard completely misses you. The orc hits you with a +0 short sword.
The orc wizard barely misses you.
You hit the orc wizard but do no damage.
The orc wizard looks even sicker.
The orc wizard is lightly wounded.
The orc wizard hits you with a +0 dagger.
The orc misses you.
The orc wizard gestures wildly while chanting.
The orc wizard flickers and vanishes for a moment.
You closely miss the orc wizard.
The orc wizard is lightly wounded.
The orc wizard hits you but does no damage.
The orc hits you with a +0 short sword.
The orc wizard gestures at you while chanting.
The magic dart hits you!
You hit the orc wizard but do no damage.
The orc wizard looks as sick as possible!
The orc wizard is moderately wounded.
The orc wizard misses you. The orc completely misses you.
The orc wizard barely misses you.
You hit the orc wizard.
The orc wizard looks as sick as possible!
The orc wizard is heavily wounded.
The orc wizard completely misses you. The orc misses you.
The orc wizard hits you with a +0 dagger.
You hit the orc wizard but do no damage.
The orc wizard looks as sick as possible!
The orc wizard is heavily wounded.
The orc wizard gestures at you while chanting.
The magic dart hits you!
* * * LOW HITPOINT WARNING * * *
The orc barely misses you.
The orc wizard hits you with a +0 dagger.
* * * LOW HITPOINT WARNING * * *
The orc wizard hits you with a +0 dagger.
You die...

#.................
#............##...
#[........########
#.........### #
#...........## #
#............#####
#.........#......#
#.........#.......
#######@........#.......
#>....o)..#####.#.......
#....).oo.# #.........
#.........# ###.......
#.........# #.......
#.........# #.......
#.........## ######..
#..........###########.#
#..................†..).


You could see 2 orc wizards and an orc.

Vanquished Creatures
  An orc warrior (D:5)
  2 scorpions (D:4)
  A wyvern skeleton (D:4)
  A howler monkey (D:4)
  A hound (D:4)
  A jelly (D:3)
  A gnoll shaman (D:4)
  4 orc priests
  Ijyb (D:3)
  Natasha (thrice) (D:4)
  Robin (D:4)
  4 gnolls (D:4)
  7 adders
  5 worms (D:2)
  2 dart slugs
  8 orcs
  3 endoplasms
  10 giant cockroaches
  7 hobgoblins
  7 jackals
  3 ball pythons
  4 bats
  2 frilled lizards (D:1)
  12 goblins
  3 kobolds
  5 rats
99 creatures vanquished.

Notes
Turn   | Place    | Note
-------+----------+-------------------------------------------
     0 | D:1      | melloss the Spriggan Enchanter began the quest for the Orb.
     0 | D:1      | Reached XP level 1. HP: 9/9 MP: 5/5
   141 | D:1      | Reached skill level 5 in Stealth
   141 | D:1      | Reached XP level 2. HP: 11/13 MP: 6/6
   199 | D:1      | Learned a level 2 spell: Ensorcelled Hibernation
   598 | D:2      | Reached XP level 3. HP: 16/16 MP: 8/8
   977 | D:2      | Reached skill level 6 in Stealth
  1010 | D:2      | Reached XP level 4. HP: 21/21 MP: 9/9
  1538 | D:3      | Noticed Ijyb
  1565 | D:3      | Killed Ijyb
  1566 | D:3      | Reached skill level 5 in Dodging
  1576 | D:3      | Reached skill level 7 in Stealth
  1657 | D:3      | HP: 1/21 [orc priest/+0 hand axe (2)]
  1659 | D:3      | Reached XP level 5. HP: 2/24 MP: 10/10
  1704 | D:3      | Reached skill level 8 in Stealth
  1925 | D:3      | Reached skill level 1 in Ice Magic
  1974 | D:3      | Reached skill level 1 in Fighting
  2229 | D:3      | Found an ornate altar of the Wu Jian Council.
  2404 | D:4      | Noticed a phantom
  2413 | D:4      | Reached XP level 6. HP: 6/30 MP: 11/11
  2630 | D:4      | Noticed Robin
  2731 | D:4      | Killed Robin
  2793 | D:4      | Noticed Natasha
  2805 | D:4      | Killed Natasha
  2835 | D:4      | Noticed Natasha
  2856 | D:4      | Killed Natasha
  2865 | D:4      | Noticed Natasha
  2871 | D:4      | Reached XP level 7. HP: 25/35 MP: 12/12
  2877 | D:4      | Killed Natasha
  3199 | D:5      | Entered Level 5 of the Dungeon
  3206 | D:5      | Found a burning altar of Makhleb.
  3297 | D:4      | Slain by an orc wizard

Illustrated notes

Levels and vault maps discovered:
D:1:      lightli_arrival_isolated_outpost, layout_basic
D:2:      layout_basic, minmay_worlds_worst_comb
D:3:      layout_loops_ring, nicolae_overflow_hidden_temple, uniq_ijyb
D:4:      layout_rooms, uniq_robin, uniq_natasha
D:5:      layout_rooms, mainiacjoe_overflow_six_doors_small,
          serial_bayou_lagoon_a, serial_park_tiny_1

Skill      XL: |  1  2  3  4  5  6  7 |
---------------+----------------------+-----
Dodging        | 3 4 5 |  5.0
Stealth        | 5 6 7 8 |  8.0
Ice Magic      | 1 2 3 |  3.7
Fighting       | 1 2 3 |  3.7
Short Blades   | |  1.1
Spellcasting   | |  2.6
Hexes          | |  3.6

Action                   |  1- 3 |  4- 6 |  7- 9 || total
-------------------------+-------+-------+-------++-------
Melee: Dagger            |   105 |   205 |    59 ||   369
       Punch             |     1 |     2 |       ||     3
Throw: Stone             |       |       |     3 ||     3
 Cast: Ensorcelled Hiber |       |     1 |       ||     1
  Use: Potion            |       |     1 |     1 ||     2
 Stab: Sleeping          |    11 |     9 |       ||    20
       Distracted        |       |       |     2 ||     2
Armor: Robe              |    11 |    20 |     5 ||    36
Dodge: Dodged            |    67 |   164 |    62 ||   293
